AoeStats
← Milo Thatch

Arabia

509827716Analyzed
1v1 RM · 4d ago on Sep 28, 2026· 34m 46s· 2 players
Game mode
Random Map
Map size
Tiny (2 player)
Population
200
Speed
Normal
Resources
Standard
Victory
Conquest
Starting age
Dark Age
Ending age
Imperial Age
RankedLock teamsTeams togetherTeam positionsShared explorationLock speedFull tech treeHidden civsTurbo modeCheats
Victory
Defeat
🇧🇬 Franks · Bulgaria
738
+16
🇺🇸 Mongols · United States
747
-35
TheGame
13:21 Feudal Age
13:22 Man-at-Arms
14:15 Arson
20:47 Loom
27:26 Castle Age
25:30 Scale Mail Armor
25:48 Padded Archer Armor
25:47 Fletching
27:53 Elite Skirmisher
29:36 Wheelbarrow
30:47 Husbandry
Milo Thatch
5:16 Loom
12:16 Feudal Age
12:47 Horse Collar
15:17 Double-Bit Axe
25:26 Castle Age
24:43 Fletching
24:53 Padded Archer Armor
26:44 Thumb Ring
26:04 Crossbowman
27:27 Leather Archer Armor
27:08 Bodkin Arrow
30:38 Pikeman
31:52 Bow Saw
31:44 Heavy Plow
32:40 Scale Mail Armor
Connection lost

Rejoining the realm…

Still unreachable

The connection could not be restored.

Session expired

The server has moved on; the page needs a fresh start.